[Event "Early-Titled-Tuesday-Blitz-April-23-2024"]
[Site "Chess.com"]
[Date "2024.04.23"]
[Round "6"]
[White "Rud_Makarian"]
[Black "HansOnTwitch"]
[Result "1-0"]
[WhiteElo "3032"]
[BlackElo "3227"]
[TimeControl "180+1"]
[EndTime "9:09:51 PDT"]
[Termination "Rud_Makarian won by resignation"]

1. c4 Nf6 2. Nc3 e5 3. Nf3 Nc6 4. e3 Bb4 5. Qc2 Bxc3 6. Qxc3 Qe7 7. a3 d5 8. cxd5 Nxd5 9. Qb3 Nb6 10. Qc2 e4 11. Ng1 O-O 12. b4 Bf5 13. Bb2 a5 14. b5 Ne5 15. Rc1 Nd3+ 16. Bxd3 exd3 17. Qc3 f6 18. Nf3 Be4 19. O-O Rfc8 20. Nd4 Qf7 21. Ba1 Na4 22. Qc4 Qxc4 23. Rxc4 Nb6 24. Rc5 Na4 25. Rc4 Nb6 26. Rc5 Na4 27. Rcc1 c5 28.
bxc6 Bxc6 29. f3 Bd7 30. Kf2 b5 31. e4 b4 32. axb4 axb4 33. Rxc8+ Rxc8 34. Ke3 Rb8 35. Rb1 Nc5 36. Rc1 Rc8 37. g4 Kf7 38. h4 b3 39.
g5 h6 40. gxf6 gxf6 41. h5 Ke7 42. Bb2 Kf7 43. Ba3 Ne6 44. Rxc8 Bxc8 45. Nxb3 Ng7 46. Nc5 Nxh5 47. Nxd3 Ng7 48. Nf4 h5 49. d4 h4 50.
Kf2 Ne6 51. Nxe6 Bxe6 52. d5 Bd7 53. Bd6 Bb5 54. Bh2 Ba4 55. Ke3 Bd1 56. f4 Bb3 57.
Kd4 Bd1 58. e5 fxe5+ 59. fxe5 Bg4 60. Bf4 Ke7 61. Bg5+ Kd7 62. Bxh4 Bf5 63. Bg5 Bh3 64. Bd2 Bg4 65. Bb4 Bh3 66. Ke3 Bg4 67. Kf4 Bh3 68. Kg5 Bg2 69. e6+ Ke8 70. d6 Bc6 71. Kf6 Ba4 72. Be1 Bb5 73. Bh4 Ba4 74. Ke5 Bb5 75.
Kd4 Ba4 76. Kc5 1-0

[Event "Early-Titled-Tuesday-Blitz-April-23-2024"]
[Site "Chess.com"]
[Date "2024.04.23"]
[Round "6"]
[White "rhwr"]
[Black "VirtualCoach"]
[Result "0-1"]
[WhiteElo "2296"]
[BlackElo "2014"]
[TimeControl "180+1"]
[EndTime "9:09:51 PDT"]
[Termination "VirtualCoach won by checkmate"]

1. e4 c5 2. Be2 Nc6 3. f4 g6 4. Nf3 Bg7 5. c3 d6 6. O-O Nf6 7. d3 e5 8. Qe1 O-O 9. Nbd2 Be6 10. Ng5 exf4 11. Nxe6 fxe6 12. Rxf4 e5 13. Rf1 b5 14. a4 Qb6 15. axb5 Qxb5 16. d4 Qb6 17. d5 Na5 18. Nc4 Nxc4 19. Bxc4 Ng4 20. h3 Nf6 21. Ra6 Qc7 22. Rc6 Qe7 23. Bg5 h6 24.
Bc1 Rac8 25. Ra6 Nh5 26. Be2 Nf4 27. Bg4 Rb8 28. Kh2 h5 29. Bxf4 hxg4 30. Bc1 gxh3 31. gxh3 Rxf1 32. Qxf1 Rf8 33. Qe1 Qf6 34. Rxa7 Qf3 35.
Bg5 Qd3 36. Kg2 Qf3+ 37. Kh2 Qd3 38. Rb7 Rf1 39. Rb8+ Bf8 40. Qd2 Qf3 41. Qg2 Rf2 42. Qxf2 Qxf2+ 43. Kh1 Qf3+ 44. Kh2 Kf7 45. Rb7+ Kg8 46.
Rb8 Qe2+ 47. Kg3 Qxe4 48. Be7 Qf4+ 49. Kg2 Qd2+ 50. Kg3 Qd3+ 51. Kg2 Qxd5+ 52. Kg3 Qd3+ 53. Kg2 Qe4+ 54. Kg3 Qf4+ 55. Kg2 Qf7 56. Bxf8 Qxf8 57. Rxf8+ Kxf8 58. Kf3 Ke7 59. Ke4 Ke6 60. c4 g5 61.
b3 Kf6 62. Kd5 Kf5 63. Kxd6 e4 64. Kxc5 e3 65. b4 e2 66. b5 e1=Q 67. b6 Ke6 68. b7 Qe5+ 69. Kb6 Qb8 70. c5 Kd7 71. c6+ Kd6 72. Kb5 Qc7 73. Ka6 Qxc6+ 74. Ka7 Qc7 75. h4 Qa5+ 76. Kb8 Kc6 77. hxg5 Qc7+ 78. Ka7 Qxb7# 0-1

[Event "Early-Titled-Tuesday-Blitz-April-23-2024"]
[Site "Chess.com"]
[Date "2024.04.23"]
[Round "6"]
[White "CrgKrishna"]
[Black "Bilan_Danila"]
[Result "1-0"]
[WhiteElo "2717"]
[BlackElo "2549"]
[TimeControl "180+1"]
[EndTime "9:09:52 PDT"]
[Termination "CrgKrishna won by resignation"]

1. d4 d5 2. c4 c6 3. Nf3 Nf6 4. g3 Bf5 5. Bg2 e6 6. O-O Bd6 7. Nc3 Nbd7 8. Nd2 O-O 9. e4 dxe4 10. Ndxe4 Nxe4 11. Nxe4 Nf6 12. Nxd6 Qxd6 13. Bf4 Qb4 14. Qe2 Rad8 15. Rfd1 Bg4 16. f3 Bf5 17. Bg5 Rd7 18. h4 Bg6 19. Rd2 b5 20. cxb5 cxb5 21. a3 Qa4 22. g4 Rxd4 23. Rxd4 Qxd4+ 24. Be3 Qd3 25. Qxd3 Bxd3 26. Bxa7 Nd5 27. Rc1 h5 28. Bf1 Bxf1 29.
Kxf1 hxg4 30. fxg4 Ra8 31. Bc5 Rc8 32. Ke2 f6 33.
Be3 Ra8 34. Bd2 Kf7 35. Rc5 Rb8 36. h5 Ke7 37. Rc6 Rb7 38. Ra6 Kf7 39. b3 Rc7 40. Kd3 Rd7 41. Kc2 Rc7+ 42. Kd3 Rd7 43. Ke2 Rb7 44. g5 e5 45. g6+ Ke7 46. h6 gxh6 47. Bxh6 Rb8 48. g7 Kf7 49. Ra7+ Ne7 50. Be3 Ke6 51.
Bc5 Nf5 52. Bf8 Nh6 53. Kd3 Ng8 54. Ke4 f5+ 55. Ke3 Rc8 56. Ra6+ Kd5 57. Ra5 Rc3+ 58. Kd2 Ke4 59. Rxb5 Rh3 60. Bd6 Rh2+ 61. Kc3 Rh3+ 62. Kb4 Kf3 63. Rxe5 f4 64. Re8 Nf6 65. g8=Q Nxg8 66.
Rxg8 Ke4 67. Re8+ Kd5 68. Bxf4 Rh4 69. Rf8 1-0

[Event "Early-Titled-Tuesday-Blitz-April-23-2024"]
[Site "Chess.com"]
[Date "2024.04.23"]
[Round "6"]
[White "Fy_Rakotomaharo"]
[Black "baki83"]
[Result "1-0"]
[WhiteElo "2726"]
[BlackElo "2897"]
[TimeControl "180+1"]
[EndTime "9:09:55 PDT"]
[Termination "Fy_Rakotomaharo won by resignation"]

1. e4 c5 2. a4 Nc6 3. Bb5 g6 4.
f4 Bg7 5. Nf3 Nd4 6. Bc4 e6 7. d3 d5 8. Ba2 Ne7 9. O-O b6 10. c3 Nxf3+ 11. Qxf3 Bb7 12. Nd2 Qd7 13. Bb3 O-O 14. Bc2 dxe4 15. dxe4 e5 16. Nc4 exf4 17. Bxf4 Ba6 18. Rfd1 Qe6 19. Nd6 Nc6 20. Nb5 Ne5 21. Qg3 Qe7 22. Rd5 Bxb5 23. Bxe5 Bc6 24. Bd6 Qb7 25. Bxf8 Rxf8 26. Rd2 Bxe4 27. Bxe4 Qxe4 28. Qf3 Qc4 29. a5 Qb5 30. axb6 axb6 31. Ra7 Qe8 32. Re2 Qb5 33. Rb7 Qb3 34. h3 h5 35. Qf2 Qd1+ 36. Kh2 Qd6+ 37. Kh1 Qd5 38. Ree7 Bh6 39. Rbd7 Qa2 40.
Kh2 Bg5 41. Re5 Bc1 42. Re2 Qb1 43. Rde7 Qd3 44. Re8 Bg5 45. Rxf8+ Kxf8 46. Qf3 Bf4+ 47. Kg1 Qd1+ 48. Kf2 Qd6 49. Re4 Be5 50. Qe3 Bf6 51.
Qf3 Kg7 52. g3 Qd2+ 53. Re2 Qd6 54. Kg2 b5 55. h4 b4 56. cxb4 cxb4 57. b3 Qd4 58. Rf2 Qe5 59. Qf4 Qa1 60. Rf3 Qb2+ 61.
Rf2 Qxb3 62. Qxf6+ Kg8 63. Qf3 Qe6 64. Re2 Qc4 65.
Re3 Qc2+ 66. Kh3 Qc8+ 67. g4 Kg7 68. Kg3 Qc7+ 69. Qf4 Qc5 70. Qe5+ Qxe5+ 71. Rxe5 hxg4 72. Kxg4 f6 73. Re7+ Kf8 74. Rb7 1-0

[Event "Early-Titled-Tuesday-Blitz-April-23-2024"]
[Site "Chess.com"]
[Date "2024.04.23"]
[Round "6"]
[White "KuzubovYuriy"]
[Black "AradNazari"]
[Result "1/2-1/2"]
[WhiteElo "2928"]
[BlackElo "2737"]
[TimeControl "180+1"]
[EndTime "9:09:58 PDT"]
[Termination "Game drawn - insufficient material"]

1. d4 Nf6 2. c4 g6 3. Nc3 d5 4. cxd5 Nxd5 5. Bd2 Nb6 6. e3 Bg7 7. Qc2 O-O 8. Rd1 e5 9. dxe5 Bxe5 10. Nf3 Bg7 11. Bd3 c5 12. Bc1 Qe7 13. O-O Nc6 14. a3 Re8 15. Be4 Na5 16. Nd2 Bg4 17.
Bf3 Bxf3 18. Nxf3 c4 19. e4 Rad8 20. Bg5 Bf6 21. Be3 Nb3 22. Bxb6 axb6 23. Nd5 Qd6 24.
Qxc4 Nc5 25. Nxf6+ Qxf6 26. e5 Qc6 27. h4 Ne6 28. Qb3 h5 29. Rfe1 Kg7 30. Rc1 Nc5 31. Qc3 Rd3 32. Qxd3 Nxd3 33. Rxc6 bxc6 34. Re2 c5 35. b3 b5 36. Rc2 Nxe5 37. Rxc5 Nxf3+ 38. gxf3 Ra8 39. Rxb5 Rxa3 40. f4 Ra2 41. Kg2 Ra1 42. f5 Rb1 43. Kf3 Rh1 44. fxg6 Kxg6 45. Kg3 Rg1+ 46. Kh3 Rb1 47. Rb6+ f6 48. Rb5 Rb2 49. Kg3 Rb1 50. Rb4 Rg1+ 51. Kf3 Rh1 52. Rc4 Rb1 53.
b4 Kf5 54. Rc5+ Ke6 55. b5 Rb3+ 56. Kg2 f5 57. Rc6+ Kd5 58. Rf6 Ke5 59. Rb6 Kf4 60. Rb8 Kg4 61. b6 Kxh4 62. b7 f4 63. Kf1 Rb2 64.
Ke1 Kh3 65. Kd1 h4 66. Kc1 Rb6 67. Kd2 Kh2 68. Ke2 Rb3 69. Kd2 h3 70. Kc2 Rb6 71. Kd3 Kg1 72. Rg8+ Kxf2 73. b8=Q Rxb8 74. Rxb8 h2 75.
Rb2+ Kg1 76. Rb1+ Kg2 77. Ke4 h1=Q 78. Rxh1 Kxh1 79. Kxf4 1/2-1/2

[Event "Early-Titled-Tuesday-Blitz-April-23-2024"]
[Site "Chess.com"]
[Date "2024.04.23"]
[Round "6"]
[White "Fh2411"]
[Black "DamianoLew95"]
[Result "1/2-1/2"]
[WhiteElo "2569"]
[BlackElo "2782"]
[TimeControl "180+1"]
[EndTime "9:09:59 PDT"]
[Termination "Game drawn by repetition"]

1. d4 Nf6 2. Nf3 e6 3. Bf4 d5 4. e3 Bd6 5. Nbd2 Bxf4 6. exf4 b6 7. c3 O-O 8. g3 Ba6 9. Bxa6 Nxa6 10. O-O c5 11.
Qa4 Qc8 12. Rac1 Qb7 13. b4 cxb4 14. cxb4 Rac8 15. Ne5 Nb8 16. b5 h6 17. Qb4 Rc7 18.
Rxc7 Qxc7 19. Nb3 Qb7 20. Rc1 Rd8 21. a4 Ne4 22. a5 bxa5 23. Nxa5 Qb6 24. Nac6 Nxc6 25.
Rxc6 Qb7 26. Qa5 Rb8 27. f3 Nf6 28. Rc7 Qxb5 29. Qxb5 Rxb5 30. Rxa7 Rb1+ 31. Kg2 Rb2+ 32. Kh3 Rd2 33. Ra8+ Kh7 34. Nxf7 Rxd4 35. Ra6 Rd1 36. Rxe6 d4 37. Ne5 Nd5 38. f5 Re1 39. Nd3 Re3 40. Nf2 Rxf3 41. Ng4 Rxf5 42. Re4 Rh5+ 43. Kg2 Ne3+ 44.
Nxe3 dxe3 45. Rxe3 Ra5 46. h4 h5 47. Re6 g6 48.
Re3 Kh6 49. Kf3 Ra4 50. Kg2 Kg7 51. Kf3 Kf6 52. Rc3 Ra5 53. Rc6+ Kf5 54. Rc3 Rd5 55. Re3 Rd4 56. Rc3 Rd5 57. Re3 Ra5 58. Rd3 g5 59.
hxg5 Kxg5 60. Re3 Rf5+ 61. Kg2 Rc5 62. Kh3 Rc1 63. Re5+ Kg6 64. Re3 Kf5 65. Rf3+ Kg5 66. Rd3 Rh1+ 67. Kg2 Re1 68. Kh3 Re2 69. Rd5+ Kg6 70.
Rd6+ Kg5 71. Rd5+ Kg6 72. Rd6+ Kg5 73. Rd5+ 1/2-1/2

[Event "Early-Titled-Tuesday-Blitz-April-23-2024"]
[Site "Chess.com"]
[Date "2024.04.23"]
[Round "6"]
[White "GalaxyRoman"]
[Black "Kazmin_Semyon"]
[Result "1-0"]
[WhiteElo "2781"]
[BlackElo "2561"]
[TimeControl "180+1"]
[EndTime "9:09:59 PDT"]
[Termination "GalaxyRoman won on time"]

1. e4 e5 2. Nf3 Nc6 3. Bc4 Bc5 4. c3 Nf6 5. d3 a6 6. Bb3 h6 7. Nbd2 d6 8. h3 Ba7 9. Nf1 d5 10. Qe2 dxe4 11. dxe4 Qe7 12. Be3 Be6 13. Bxa7 Rxa7 14. g4 Ra8 15. Ng3 g6 16. Rd1 Bxb3 17. axb3 Qe6 18.
b4 O-O 19. O-O Rfd8 20. Rxd8+ Rxd8 21. Rd1 Rxd1+ 22. Qxd1 Qd6 23. Qc1 Kg7 24. g5 hxg5 25.
Qxg5 Nh7 26. Nf5+ Kg8 27. Nxd6 Nxg5 28. Nxg5 cxd6 29. Kf1 Kg7 30. Ke2 Nd8 31. Kd3 f6 32. Nf3 Ne6 33. Kc4 b5+ 34. Kd5 Nf4+ 35. Kxd6 Nxh3 36.
b3 Nxf2 37. Nd2 Nd3 38. Kc6 f5 39. Kb6 f4 40. Kxa6 g5 41. Kxb5 g4 42. Kc4 Ne1 43.
b5 g3 44. b6 g2 45. b7 g1=Q 46. b8=Q Qe3 47. Qxe5+ Kg6 48. Qf5+ Kg7 49. Qe5+ Kg6 50. Qd6+ Kg7 51. Qd7+ Kg6 52. Qd4 Qe2+ 53. Kc5 f3 54. Qd6+ Kg7 55. Qe5+ Kg6 56. Qf5+ Kg7 57.
Qg5+ Kf7 58. Qf5+ Kg7 59. Nxf3 Nxf3 60. Qd7+ Kg6 61. Qd6+ Kg5 62. Qd5+ Kf4 63. b4 Nd2 64. b5 Nxe4+ 65. Kc6 Nxc3 66. Qd4+ Ne4 67. b6 Qc2+ 68. Kb7 Qc1 69. Kb8 Qc6 70. b7 Kf5 71. Ka7 Qc7 72. Qd5+ Kf4 73. Ka8 1-0

[Event "Early-Titled-Tuesday-Blitz-April-23-2024"]
[Site "Chess.com"]
[Date "2024.04.23"]
[Round "6"]
[White "ccccvhhhj"]
[Black "MikeWizard"]
[Result "1-0"]
[WhiteElo "2459"]
[BlackElo "2196"]
[TimeControl "180+1"]
[EndTime "9:10:04 PDT"]
[Termination "ccccvhhhj won by checkmate"]

1. e4 d6 2. d4 Nf6 3. Nc3 Nbd7 4. f3 e5 5. Be3 Be7 6. Qd2 c6 7. O-O-O Qc7 8. g4 h6 9. h4 b5 10. Nh3 Qa5 11. Kb1 Bb7 12. g5 hxg5 13. hxg5 Nh5 14. Nf2 O-O-O 15. Bh3 Kb8 16. Bxd7 Rxd7 17. dxe5 Bc8 18.
exd6 Bxd6 19. Qe1 Bb4 20. Rxd7 Bxd7 21. Nd3 Bxc3 22. Qxc3 Qxc3 23. bxc3 g6 24. Bf4+ Kb7 25. Nc5+ Kc8 26. Bd6 Be6 27. Nxe6 fxe6 28. Kb2 Rh7 29. Kb3 Rf7 30. Rh3 Kb7 31. c4 a6 32. cxb5 cxb5 33.
c4 Kc6 34. Be5 Rb7 35. Rh1 bxc4+ 36. Kxc4 Rb5 37. Bd4 Ra5 38. Kb3 Rxg5 39. Rc1+ Kd7 40. Rd1 Kc6 41. Be3 Rg3 42. Rc1+ Kd7 43. Rd1+ Ke8 44.
Rf1 Nf6 45. a4 Nd7 46. Kb4 Ne5 47. Bf4 Rxf3 48. Rxf3 Nxf3 49. Ka5 g5 50. Bg3 Nd2 51. e5 Kd7 52. Kxa6 Kc6 53. Ka7 Nc4 54. Ka6 g4 55. a5 Kd5 56. Kb5 Na3+ 57. Kb4 Nc4 58. a6 Nb6 59. Kb5 Na8 60. a7 Ke4 61. Kc6 Kf3 62. Bh2 g3 63. Bg1 Kg2 64. Bd4 Kf3 65.
Kd6 Ke4 66. Bg1 Kf3 67. Kxe6 g2 68. Kf7 Ke4 69. e6 Kd5 70. e7 Kc6 71. e8=Q+ Kb7 72. Qe4+ Kc8 73. Qxa8+ Kd7 74. Qb7+ Kd6 75. Qb6+ Kd5 76.
a8=Q+ Ke5 77. Qaa5+ Kf4 78. Qbb4+ Kf3 79. Qaa3+ Ke2 80.
Qbb2+ Kf1 81. Qaa1# 1-0

[Event "Early-Titled-Tuesday-Blitz-April-23-2024"]
[Site "Chess.com"]
[Date "2024.04.23"]
[Round "6"]
[White "UmarovSabir"]
[Black "cthulhuuu"]
[Result "0-1"]
[WhiteElo "2302"]
[BlackElo "2486"]
[TimeControl "180+1"]
[EndTime "9:10:06 PDT"]
[Termination "cthulhuuu won by checkmate"]

1. e4 d6 2. d4 Nf6 3. Nc3 c6 4. g3 b5 5. Bg2 e5 6. a3 Be7 7.
Nf3 Qc7 8. O-O O-O 9. h3 Nbd7 10. Be3 Bb7 11. Nh4 Rfe8 12. Nf5 Bf8 13. f4 a5 14. fxe5 dxe5 15. d5 Bc5 16. Bxc5 Nxc5 17. d6 Qb6 18. Ne7+ Rxe7 19. dxe7 Nb3+ 20. Kh2 Nxa1 21. Rxf6 gxf6 22. Qd7 Nxc2 23. h4 Qf2 24. Nd1 Qb6 25. Bf3 c5 26.
e8=Q+ Rxe8 27. Qxe8+ Kg7 28. Bh5 Qe6 29. Qxb5 Bxe4 30.
Qe2 Bg6 31. Bxg6 hxg6 32. Qxc2 Qd5 33. Nf2 f5 34. Kg1 c4 35. Nd1 Qf3 36. Kh2 e4 37.
Nc3 e3 38. Qe2 Qb7 39. Qxe3 Qxb2+ 40. Ne2 Qf6 41. Qc3 Qxc3 42. Nxc3 Kf6 43. Kg2 Ke5 44.
Kf3 Kd4 45. Nb5+ Kd3 46. Kf4 c3 47. Nxc3 Kxc3 48. Ke5 Kb3 49. Kf6 Kxa3 50. Kxf7 Kb3 51. Kxg6 a4 52. h5 a3 53. h6 a2 54. Kxf5 a1=Q 55.
Kg6 Qh8 56. g4 Kc4 57. g5 Kd5 58. Kf7 Qh7+ 59. Kf6 Qh8+ 60. Kf7 Qh7+ 61. Kf6 Kd6 62. g6 Qxh6 63. Kf7 Qf4+ 64. Kg8 Ke7 65. g7 Qf7+ 66. Kh8 Qh5+ 67. Kg8 Kf6 68. Kf8 Qf7# 0-1

[Event "Early-Titled-Tuesday-Blitz-April-23-2024"]
[Site "Chess.com"]
[Date "2024.04.23"]
[Round "6"]
[White "Durarbayli"]
[Black "Makswolf200817"]
[Result "1/2-1/2"]
[WhiteElo "2936"]
[BlackElo "2820"]
[TimeControl "180+1"]
[EndTime "9:10:08 PDT"]
[Termination "Game drawn - insufficient material"]

1. c4 e6 2. e4 d5 3. exd5 exd5 4. d4 Nf6 5. Nc3 Nc6 6. Nf3 Bb4 7. Be2 dxc4 8. O-O O-O 9. Bg5 Bxc3 10. bxc3 Be6 11. Rb1 Rb8 12. Nd2 h6 13. Bh4 b5 14. f4 Bf5 15. Rb2 Qd6 16. g4 Bd7 17. Bg3 Nxd4 18. f5 Nxe2+ 19. Qxe2 Qc5+ 20. Bf2 Qd5 21. Bxa7 Ra8 22.
Bd4 Bc6 23. Nf3 Ne4 24. Qg2 Ng5 25. Rbf2 Nxf3+ 26. Rxf3 Qd7 27. g5 hxg5 28. Bxg7 f6 29. Bxf8 Rxf8 30. h4 Bxf3 31. Rxf3 Qd1+ 32. Kh2 Qd6+ 33.
Kh3 Qe7 34. Rg3 Rf7 35. Qd5 Kf8 36. Qa8+ Kg7 37. hxg5 fxg5 38. Qd5 Qf6 39. Qxb5 Qxf5+ 40. Qxf5 Rxf5 41. Rg4 Rc5 42. Kg3 Kg6 43. a4 Kf5 44. Kf3 c6 45. Rd4 Re5 46. Rxc4 Ra5 47. Kg3 c5 48. Kf3 Kg6 49. Kg4 Kf6 50. Kf3 Kf5 51. Kg3 Kf6 52. Rg4 Kf5 53. Kf3 Ra6 54. Re4 Ra5 55. Rc4 Kf6 56. Ke4 Ke6 57. Kd3 Kf5 58. Ke3 Ke5 59. Re4+ Kf5 60. Kd3 Kf6 61. Rc4 Kf5 62. Ke2 Ke5 63. Kf2 Kf5 64. Kg2 Kf6 65.
Kh3 Kf5 66. Kg3 Kf6 67. Kg4 Kg6 68. Re4 Kf6 69. Kh5 Kf5 70. Rg4 Kf6 71. Rxg5 Rxa4 72. Rxc5 Ke6 73. Kg5 Kd6 74. Rc8 Kd7 75. Rc5 Kd6 76. Rc8 Kd7 77. Rb8 Ra3 78. c4 Rc3 79. Rb4 Kc6 80. Kf4 Kc5 81. Ra4 Rxc4+ 82. Rxc4+ Kxc4 1/2-1/2

[Event "Early-Titled-Tuesday-Blitz-April-23-2024"]
[Site "Chess.com"]
[Date "2024.04.23"]
[Round "6"]
[White "ravengelic"]
[Black "alexrustemov"]
[Result "0-1"]
[WhiteElo "2666"]
[BlackElo "2877"]
[TimeControl "180+1"]
[EndTime "9:10:08 PDT"]
[Termination "alexrustemov won by resignation"]

1. d4 d5 2. Bf4 Nf6 3. e3 c5 4. c3 Nc6 5. Nf3 Bg4 6. Nbd2 e6 7. Qa4 Nd7 8. h3 Bxf3 9. Nxf3 a6 10. Qd1 Be7 11. Bd3 O-O 12. O-O Rc8 13. Ne5 Nf6 14.
Qf3 Bd6 15. Rad1 Qc7 16. Nxc6 Bxf4 17. Qxf4 Qxc6 18. Rfe1 Rfd8 19. Bb1 Qc7 20. Qh4 h6 21. f3 e5 22. Qg3 Re8 23. Qh4 Re7 24. dxc5 Qxc5 25.
Qf2 b5 26. a3 a5 27. e4 dxe4 28.
Qxc5 Rxc5 29. Bxe4 g6 30. Rd6 Kg7 31. Kf2 b4 32.
cxb4 axb4 33. a4 b3 34. Rb6 Ra5 35. Rb4 Nxe4+ 36. Rexe4 Rea7 37. Rec4 g5 38. Ke3 f5 39. Kd3 Rd5+ 40. Kc3 Rd1 41. Kxb3 Rg1 42. Rc2 Kg6 43. Ka2 f4 44. Re4 Ra5 45. Rce2 Kh5 46. b3 Kh4 47. Ka3 Kg3 48. Kb4 Ra8 49. Rxe5 Rxg2 50. Re1 Kxf3 51. Rc5 Kg3 52. Rc3+ f3 53. Re6 h5 54.
Rg6 g4 55. hxg4 hxg4 56. a5 Kh2 57. Rh6+ Kg1 58. Rc1+ Kf2 59. Rf6 Kg3 60. Rc3 Ra2 61. Rc5 Kg2 62. Rcf5 f2 63. Kc3 g3 64. b4 Ra1 65.
Kb2 f1=Q 66. Rxf1 Rxf1 67. Rxf1 Kxf1 68. Kb3 g2 69. Ka4 g1=Q 70. b5 Qd4+ 71. Kb3 Rxa5 0-1

[Event "Early-Titled-Tuesday-Blitz-April-23-2024"]
[Site "Chess.com"]
[Date "2024.04.23"]
[Round "6"]
[White "giovannibrandao7"]
[Black "vladgoncharov"]
[Result "1-0"]
[WhiteElo "2342"]
[BlackElo "2582"]
[TimeControl "180+1"]
[EndTime "9:10:11 PDT"]
[Termination "giovannibrandao7 won by checkmate"]

1. e4 e6 2. d4 d5 3. Nd2 c5 4. Ngf3 Nf6 5. e5 Nfd7 6. c3 Nc6 7. Bd3 Be7 8. O-O g5 9. dxc5 Ndxe5 10. Nxe5 Nxe5 11.
Bb5+ Bd7 12. Bxd7+ Qxd7 13. b4 h6 14. Nf3 Nc4 15. Qd4 O-O-O 16. Ne5 Nxe5 17. Qxe5 f6 18. Qe2 e5 19. Bb2 h5 20. a4 h4 21. Rfd1 g4 22.
a5 a6 23. c4 d4 24. b5 Bxc5 25. bxa6 bxa6 26. Ba3 Ba7 27. Qe4 Kc7 28. Rab1 Rb8 29. c5 g3 30. c6 Rxb1 31. Rxb1 gxf2+ 32. Kf1 Qxc6 33. Rc1 Qxc1+ 34. Bxc1 Bc5 35. Kxf2 Rb8 36. Ke2 Rb3 37. Qd5 Rb5 38. Qf7+ Kc8 39. Qxf6 Rxa5 40.
Qc6+ Kb8 41. Kd3 Bb4 42. Ke4 Rb5 43. Bg5 Ka7 44. Bxh4 Rb6 45. Qc4 a5 46. Bd8 Rb7 47. Bxa5 Bxa5 48. Kxe5 Bb6 49. Qa4+ Kb8 50. Qe8+ Ka7 51.
Qa4+ Kb8 52. Qc4 Rd7 53. Qd3 Bc7+ 54. Ke6 Rd6+ 55. Ke7 Rd5 56. h4 Rh5 57. Qxd4 Rh7+ 58. Kf6 Kc8 59. Kg6 Rd7 60. Qg4 Kd8 61. h5 Be5 62.
Kf5 Ba1 63. Ke6 Re7+ 64. Kd6 Be5+ 65. Kd5 Ba1 66. h6 Kc7 67. Qf4+ Kd7 68. Qc4 Ke8 69. Qc6+ Kf7 70. Qc4 Kg6 71. Kd6 Rh7 72. Qc2+ Kxh6 73. Qc1+ Kg7 74. Qxa1+ Kg6 75. Qb1+ Kh6 76. Ke6 Rg7 77.
Qh1+ Kg6 78. Qh4 Rg8 79. g4 Rg7 80. Qh5# 1-0

[Event "Early-Titled-Tuesday-Blitz-April-23-2024"]
[Site "Chess.com"]
[Date "2024.04.23"]
[Round "6"]
[White "Artem_Koval"]
[Black "Matols"]
[Result "1-0"]
[WhiteElo "2545"]
[BlackElo "2372"]
[TimeControl "180+1"]
[EndTime "9:10:13 PDT"]
[Termination "Artem_Koval won on time"]

1. d4 d5 2. Bf4 Nf6 3. e3 c5 4. c3 Nc6 5. Nd2 Bg4 6. Qb3 Qc8 7.
Ngf3 e6 8. Ne5 Nxe5 9. dxe5 Nd7 10. c4 Be7 11. cxd5 exd5 12. Qxd5 Be6 13. Qf3 O-O 14. Bd3 c4 15. Bc2 c3 16. bxc3 Qxc3 17. Rc1 g6 18. e4 Rac8 19. Qxc3 Rxc3 20. Nb1 Rc5 21. O-O Nxe5 22. Be3 Rcc8 23. Bb3 Bxb3 24. axb3 b6 25. Nd2 Nd3 26. Ra1 Rc7 27. Nc4 Bf6 28. Ra6 Nb4 29. Ra4 Nc2 30. Bf4 Rd7 31. Ra2 Nb4 32. Re2 Rfd8 33.
e5 Bg7 34. e6 fxe6 35. Rxe6 Kf7 36. Re4 Rd1 37. h4 Rxf1+ 38. Kxf1 Nc2 39. Nd6+ Kg8 40. Nc4 Nd4 41. Bg5 Rd7 42. Re8+ Kf7 43. Ra8 Nf5 44. g4 Nd4 45. h5 gxh5 46. gxh5 Nb5 47. h6 Bc3 48. Kg2 Kg6 49. Be3 Kf5 50. Rf8+ Ke4 51. Re8+ Kd3 52. Rf8 Kc2 53. Kf3 Kxb3 54. Nd2+ Bxd2 55.
Bxd2 Rxd2 56. Rf7 Rd3+ 57. Ke2 Rh3 58. Rxh7 Nd4+ 59. Kf1 Nf5 60. Kg2 Rxh6 61. Rxa7 b5 62. Kf3 b4 63. Kg4 Nd4 64. Kg5 Rh2 65. f4 Rf2 66. Rd7 Nc2 67. f5 Kb2 68. f6 Ne3 69. Rd3 Nc4 70. Rd4 Kc3 71. Rh4 b3 72. Rh3+ Kc2 73.
Rh4 1-0

[Event "Early-Titled-Tuesday-Blitz-April-23-2024"]
[Site "Chess.com"]
[Date "2024.04.23"]
[Round "6"]
[White "GMG"]
[Black "Sam_ChessMood"]
[Result "0-1"]
[WhiteElo "2775"]
[BlackElo "2968"]
[TimeControl "180+1"]
[EndTime "9:10:14 PDT"]
[Termination "Sam_ChessMood won on time"]

1. Nf3 d5 2. g3 g6 3. c4 dxc4 4. Na3 Bg7 5. Nxc4 Nc6 6. d3 e5 7. Bd2 Nf6 8. Bg2 e4 9. dxe4 Nxe4 10. Bf4 O-O 11. Qxd8 Rxd8 12. Bxc7 Re8 13. O-O Be6 14. Rac1 Rac8 15. Nd6 Nxd6 16. Bxd6 Bxb2 17. Rb1 Bf6 18. Rxb7 Bxa2 19. e3 a5 20. Bh3 Ra8 21.
Rd1 Red8 22. Bd7 Nb4 23. Bxb4 axb4 24. Rxb4 Be6 25. Rb7 Bh3 26. Kh1 Ra2 27. Ng1 Bf5 28. Bxf5 Rxd1 29. Bg4 Rdd2 30. Nh3 h5 31. Bc8 Bc3 32.
Kg2 Re2 33. Rb1 Rxe3 34. Bb7 Bd4 35. Bd5 Rd2 36. Rb8+ Kg7 37. Rb7 Re5 38. Bxf7 Kh6 39.
Bc4 Re8 40. Bf7 Rf8 41. Rd7 Bc3 42. Rxd2 Bxd2 43. Bd5 Bc3 44. f4 Bd4 45. Kf3 Rb8 46.
Ng5 Rb5 47. Nf7+ Kg7 48. Ke4 Ra5 49. Kxd4 Ra4+ 50. Bc4 Ra1 51. h4 Rg1 52. Ng5 Rxg3 53. Ke4 Rg4 54. Ne6+ Kf6 55. Nd4 Rxh4 56. Nf3 Rh1 57.
Ke3 Rc1 58. Bd3 Rc3 59. Kd2 Ra3 60. Ne5 Ra4 61. Ke3 Ra3 62. Ke2 h4 63. Bxg6 h3 64. Be4 Ke6 65. Ng4 Ra2+ 66. Kf1 Rb2 67. Nf2 h2 68. Kg2 h1=Q+ 69. Kxh1 Rxf2 70. Kg1 Rxf4 71. Bg2 Ke5 72. Kh2 Kd4 73. Kg3 Ke3 74. Bh3 Rf6 75.
Bg4 Rg6 76. Kh4 Kf4 77. Bh5 Rh6 0-1

[Event "Early-Titled-Tuesday-Blitz-April-23-2024"]
[Site "Chess.com"]
[Date "2024.04.23"]
[Round "6"]
[White "Ramla2020"]
[Black "AlainBruxelles"]
[Result "0-1"]
[WhiteElo "2500"]
[BlackElo "2355"]
[TimeControl "180+1"]
[EndTime "9:10:25 PDT"]
[Termination "AlainBruxelles won by checkmate"]

1. c4 Nf6 2. g3 c5 3. Bg2 Nc6 4. Nc3 g6 5. e3 Bg7 6. d4 cxd4 7. exd4 O-O 8. Nge2 d6 9. h3 a6 10. O-O Qc7 11.
b3 Bd7 12. Be3 Rab8 13. Rc1 Rfc8 14. Nd5 Qd8 15. Nef4 Nxd5 16. cxd5 Na7 17. Qd2 Bb5 18. Rfd1 Rxc1 19. Rxc1 Rc8 20. a4 Rxc1+ 21. Qxc1 Bd7 22. Qc3 Qc8 23. Qb4 Qc7 24. h4 Nc8 25. Bf1 a5 26. Qd2 b6 27. Ba6 h5 28. Qd3 Bf5 29. Qb5 Bd7 30. Qc4 Qxc4 31. Bxc4 Na7 32. Bd2 Bxd4 33. Nd3 Bg7 34. Kf1 Bf5 35. Ke2 Nc8 36. Bb5 Bd4 37. f3 e6 38. dxe6 Bxe6 39. Ba6 Ne7 40. b4 axb4 41. Nxb4 Nd5 42. Nc6 Bc5 43. Kd3 Kf8 44. Bg5 f6 45. Bh6+ Ke8 46. Bd2 Bd7 47.
Bb5 Nc7 48. Ke4 Nxb5 49. axb5 Be6 50. Bh6 Kd7 51. Bg7 f5+ 52. Kd3 Bd5 53. Nb8+ Kc8 54.
Na6 Bxf3 55. Nxc5 dxc5 56. Ke3 Bg2 57. Kf4 Bf1 58. Kg5 Bxb5 59. Kxg6 Be2 60. Kxf5 Bg4+ 61. Ke5 Kb7 62. Kd5 Bf3+ 63. Kd6 Ka6 64. Bc3 Kb5 65. Kc7 Kc4 66. Be5 b5 67. Kb6 b4 68. Bd6 b3 69.
Be5 Kb4 70. Bf6 c4 71. Be7+ Ka4 72. Bf6 Ka3 73. Kc5 Be2 74. g4 b2 75. Bxb2+ Kxb2 76. gxh5 Kc3 77. h6 Bd3 78. Kd5 Bh7 79. Ke6 Kd3 80.
Kf6 c3 81. Kg7 Be4 82. h7 Bxh7 83. Kxh7 c2 84. h5 c1=Q 85. h6 Qg5 86. Kh8 Qxh6+ 87. Kg8 Kd4 88. Kf7 Kd5 89. Ke7 Qg7+ 90. Kd8 Kd6 91.
Kc8 Qc7# 0-1

[Event "Early-Titled-Tuesday-Blitz-April-23-2024"]
[Site "Chess.com"]
[Date "2024.04.23"]
[Round "6"]
[White "PeshkaCh"]
[Black "RodTwinkz"]
[Result "1-0"]
[WhiteElo "2882"]
[BlackElo "2685"]
[TimeControl "180+1"]
[EndTime "9:10:38 PDT"]
[Termination "PeshkaCh won by resignation"]

1. Nf3 Nf6 2. d4 g6 3. Nbd2 d5 4. g3 Bg7 5. Bg2 O-O 6. O-O c6 7. c4 a6 8. b3 Bf5 9. Bb2 Ne4 10. Rc1 Bh6 11. e3 Nd7 12. Nh4 Nxd2 13. Nxf5 gxf5 14. Qxd2 e6 15. Qc2 Nf6 16. cxd5 cxd5 17. Qc7 Qxc7 18. Rxc7 Rfc8 19. Rfc1 Rxc7 20. Rxc7 Rb8 21. Ba3 Bf8 22. Bxf8 Kxf8 23. Bf1 Ne8 24. Rd7 Nf6 25. Rc7 Ne8 26. Rc2 Ke7 27. b4 Kd6 28. a4 Nf6 29. a5 Ne8 30. b5 axb5 31. Bxb5 Nc7 32. Be2 Ra8 33. Rb2 Rxa5 34. Rxb7 Kc6 35. Rb8 Ra8 36. Rb1 Ra2 37. Bh5 f6 38. Bf7 e5 39. Rd1 Kd6 40. Kg2 Ra4 41. dxe5+ fxe5 42. Rb1 d4 43. exd4 exd4 44. Rb6+ Kc5 45. Rb1 d3 46. Rc1+ Kd6 47. Rd1 Rd4 48. Kf3 Ke5 49. Ke3 Re4+ 50. Kxd3 Rd4+ 51. Ke2 Rxd1 52. Kxd1 f4 53. Ke2 fxg3 54.
hxg3 Kf6 55. Bb3 Ne8 56. Bc2 h6 57. Ke3 Ng7 58. Ke4 Ne6 59. Bb1 Ng5+ 60. Kf4 Nh3+ 61. Kf3 Ng5+ 62. Kg4 Ne6 63. Kh5 Kg7 64. f4 Nd4 65. Kg4 Kf6 66. Bd3 Ne6 67. Kh5 Kg7 68.
Bc4 Nc5 69. Kh4 Ne4 70. Kg4 Nf6+ 71. Kf5 Nh5 72. g4 Ng3+ 73. Ke6 h5 74. g5 h4 75. f5 h3 76. f6+ Kf8 77. g6 Nh5 78. Kf5 h2 79. Bd5 h1=Q 80. Bxh1 Ng3+ 81. Ke6 Nxh1 82.
g7+ Kg8 83. f7+ Kxg7 84. Ke7 Ng3 85. f8=Q+ Kg6 86. Qg8+ 1-0